 Dungeon Crawl Stone Soup version 0.28-a0-793-g31680bbd8b (webtiles) character file.

Game seed: 14023650489725196543

201 croobank the Magician (level 5, -3/28 HPs)
             Began as a Deep Elf Venom Mage on Nov 5, 2021.
             Slain by a gnoll (9 damage)
             ... on level 4 of the Dungeon.
             The game lasted 00:25:08 (3902 turns).

croobank the Magician (Deep Elf Venom Mage)         Turns: 3902, Time: 00:25:16

Health: -3/28      AC:  4    Str:  6    XL:     5   Next: 50%
Magic:  14/14      EV: 13    Int: 20    God:
Gold:   129        SH:  0    Dex: 15    Spells: 4/14 levels left

rFire   . . .      SeeInvis .   b - +0 short sword
rCold   . . .      Faith    .   (no shield)
rNeg    . . .      Spirit   .   a - +0 robe
rPois   .          Reflect  .   g - +1 helmet
rElec   .          Harm     .   e - scarf {+Inv}
rCorr   .          Rampage  .   (no gloves)
Will    .....                   (no boots)
Stlth   +.........              (no amulet)
HPRegen 0.09/turn               (no ring)
MPRegen 0.14/turn               (no ring)

@: confused, lethally poisoned (-3 -> -17), ambrosia-drunk
A: no striking features
a: Evoke Invisibility


You were on level 4 of the Dungeon.
You visited 1 branch of the dungeon, and saw 4 of its levels.

You collected 129 gold pieces.

Inventory:

Hand Weapons
 b - a +0 short sword (weapon)
 j - a +0 war axe
Missiles
 c - 48 arrows
 d - 55 stones
 m - a boomerang (quivered)
Armour
 a - a +0 robe (worn)
 e - a scarf of invisibility (worn)
 g - a +1 helmet (worn)
 l - a +0 kite shield
Scrolls
 k - a scroll of vulnerability {unknown}
Potions
 i - a potion of curing {unknown}


   Skills:
 + Level 0.1 Fighting
 + Level 1.0 Short Blades
 + Level 3.0 Dodging
 + Level 2.7 Stealth
 + Level 5.0 Spellcasting
 + Level 2.9 Transmutations
 + Level 0.1 Air Magic
 + Level 4.5 Poison Magic


You had 4 spell levels left.
You knew the following spells:

 Your Spells              Type           Power      Damage    Failure   Level
a - Sting                 Tmut/Pois      76%        1d6       2%          1
b - Poisonous Vapours     Pois/Air       28%        N/A       7%          2
c - Mephitic Cloud        Conj/Pois/Air  11%        N/A       19%         3
d - Olgreb's Toxic Radia  Pois           23%        N/A       19%         4

Your spell library contained the following spells:

 Spells                   Type           Power      Damage    Failure   Level


Dungeon Overview and Level Annotations

Branches:
Dungeon (4/15)
 Temple: D:4-7

Altars:
Elyvilon
Ru


Message History

Confirm with . or Enter, or press ? or * to list all spells.
Okay, then.
Casting: Mephitic Cloud (quite dangerous; 19% risk of failure)
Confirm with . or Enter, or press ? or * to list all spells.
Okay, then.
It was a potion of heal wounds.
You feel much better.
You feel very sick. The gnoll misses you.
The gnoll hits you from afar with a +2 spear of venom.
You are lethally poisoned!
Throw: boomerang
Press: ? - help, Q - select action, (/) - cycle Shift-Dir - straight line, f/p - gnoll
Aim: a gnoll, wielding a +2 spear of venom (61% to hit)
You throw a boomerang. The boomerang hits the gnoll.
The gnoll is moderately wounded.
You feel very sick. The gnoll misses you. The gnoll closely misses you.
You feel much better.
You feel very sick. The gnoll barely misses you.
The gnoll hits you from afar with a +2 spear of venom.
You are lethally poisoned!
Throw: boomerang
Press: ? - help, Q - select action, (/) - cycle Shift-Dir - straight line, f/p - gnoll
Aim: a gnoll, wielding a +2 spear of venom (moderately wounded, 61% to hit)
You throw a boomerang. The boomerang hits the gnoll.
The gnoll is moderately wounded.
You feel extremely sick.
The gnoll hits you from afar with a +0 vorpal spear.
* * * LOW HITPOINT WARNING * * *
The gnoll closely misses you.
The gnoll hits you from afar with a +0 vorpal spear.
* * * LOW HITPOINT WARNING * * *
x2 It was a potion of ambrosia.
You are confused.
You feel invigorated.
* * * LOW HITPOINT WARNING * * *
You feel very sick.
The gnoll hits you from afar with a +2 spear of venom!
You die...

......>...........#
..................#
####.##.#..##..#.##
.###.##.#......#.#
.................#
.##.........#..###
....#######.#..#
...#..≈≈≈..#...#######
..#..≈...≈..#...@....#
.#...≈!_.≈...#g##.####
..#..≈...≈..#)###g#
...#..≈≈≈..#..)...#
..#.## ####..g#####
..#...........#
......#..# ...#..#..#
..... ....


You could see 2 gnolls.

Vanquished Creatures
  A howler monkey (D:2)
  An orc wizard (D:3)
  2 gnolls (D:4)
  4 adders
  A worm (D:2)
  A dart slug (D:2)
  9 orcs (D:3)
  7 endoplasms
  4 giant cockroaches
  4 goblins
  3 hobgoblins
  4 quokkas
  8 ball pythons
  9 bats
  A frilled lizard (D:2)
  4 kobolds
  4 rats
67 creatures vanquished.

Vanquished Creatures (collateral kills)
  A goblin (D:3)
1 creature vanquished.

Vanquished Creatures (others)
  7 fungi (D:3)
7 creatures vanquished.

Grand Total: 75 creatures vanquished

Notes
Turn   | Place    | Note
-------+----------+-------------------------------------------
     0 | D:1      | croobank the Deep Elf Venom Mage began the quest for the
                  | Orb.
     0 | D:1      | Reached XP level 1. HP: 10/10 MP: 6/6
   336 | D:1      | Reached XP level 2. HP: 15/15 MP: 5/8
  1225 | D:2      | Reached XP level 3. HP: 14/19 MP: 7/9
  1309 | D:2      | Learned a level 2 spell: Poisonous Vapours
  1313 | D:2      | Learned a level 3 spell: Mephitic Cloud
  1448 | D:2      | Reached XP level 4. HP: 9/24 MP: 6/11
  1739 | D:2      | Learned a level 4 spell: Olgreb's Toxic Radiance
  2557 | D:3      | Reached skill level 4 in Spellcasting
  2871 | D:3      | Found a white marble altar of Elyvilon.
  3239 | D:3      | Reached XP level 5. HP: 13/28 MP: 9/13
  3521 | D:3      | Reached skill level 1 in Short Blades
  3867 | D:4      | Found a sacrificial altar of Ru.
  3892 | D:4      | Reached skill level 5 in Spellcasting
  3902 | D:4      | Slain by a gnoll

Illustrated notes

Levels and vault maps discovered:
D:1:      evilmike_arrival_crescent, layout_basic
D:2:      layout_loops_ring
D:3:      layout_rooms, mainiacjoe_overflow_boulevard
D:4:      layout_basic, nicolae_ru_awakened_eye, roderic_roman_lattice

Skill      XL: |  1  2  3  4  5 |
---------------+----------------+-----
Poison Magic   | 4 |  4.5
Transmutations | 2 |  2.9
Spellcasting   | 4 5 |  5.0
Short Blades   | 1 |  1.0
Dodging        | 3 |  3.0
Fighting       | |  0.1
Stealth        | |  2.7
Air Magic      | |  0.1

Action                   |  1- 3 |  4- 6 || total
-------------------------+-------+-------++-------
Melee: Short sword       |    32 |    57 ||    89
Throw: Boomerang         |       |    16 ||    16
 Cast: Sting             |    38 |    71 ||   109
       Poisonous Vapours |       |     1 ||     1
       Mephitic Cloud    |       |     1 ||     1
Evoke: Wand              |       |     3 ||     3
  Use: Scroll            |     1 |     2 ||     3
       Potion            |       |     3 ||     3
 Stab: Sleeping          |     1 |     1 ||     2
Armor: Robe              |    16 |     5 ||    21
Dodge: Dodged            |    37 |    60 ||    97

Table legend: (Time is in decaauts)
 A = Elapsed time spent in this place.
 B = Non-inter-level travel time spent in this place.
 C = Inter-level travel time spent in this place.
 D = Time resting spent in this place.
 E = Time spent auto-exploring this place.
 F = Levels seen in this place.
 G = Mean time per level.
                   A        B        C        D        E       F      G
               +--------+--------+--------+--------+--------+-----+--------+
         Total |   3913 |   3878 |     35 |   1089 |   2115 |   4 |  978.2 |
       Dungeon |   3913 |   3878 |     35 |   1089 |   2115 |   4 |  978.2 |
               +--------+--------+--------+--------+--------+-----+--------+

Top non-repeatable levels by time:
     D:2: 1323 daAuts
     D:3: 1283 daAuts
     D:1: 1213 daAuts
     D:4: 92 daAuts
